 Dungeon Crawl Stone Soup version 0.32-a0-411-g744942f433 (webtiles) character file.

Game seed: 16031519445058667446

74 lunkers the Slasher (level 4, 0/33 HPs)
             Began as a Coglin Gladiator on Feb 21, 2024.
             Slain by a gnoll
             ... wielding a +0 flail
              (4 damage)
             ... on level 2 of the Dungeon.
             The game lasted 00:01:02 (1028 turns).

lunkers the Slasher (Coglin Gladiator)              Turns: 1028, Time: 00:01:02

Health: 0/33       AC:  6    Str: 16    XL:     4   Next: 30%
Magic:  4/4        EV: 11    Int:  8    God:
Gold:   47         SH:  0    Dex: 15    Spells: 3/3 levels left

rFire   . . .        a - +0 long sword {Ur-Dumizida}
rCold   . . .        j - +0 short sword (speed) {Rafael}
rNeg    . . .        f - +0 ring mail
rPois   .            c - +0 helmet
rElec   .            (no cloak)
rCorr   .            (no gloves)
SInv    .            (no boots)
Will    .....        (no amulet)
Stlth   +            (no ring)
HPRegen 0.25/turn    (no ring)
MPRegen 0.09/turn

%: no passive effects
@: immotile, revved
A: off-hand wielding, slow wielding, warmup strikes, legs shutdown
a: no special abilities


You were on level 2 of the Dungeon.
You visited 1 branch of the dungeon, and saw 2 of its levels.

You collected 47 gold pieces.

Inventory:

Hand Weapons
 a - a +0 long sword (weapon) {Ur-Dumizida}
 i - a +0 dagger {Enrique}
 j - a +0 short sword of speed (offhand) {Rafael}
Missiles
 d - 3 throwing nets
 e - a javelin
Armour
 b - a +0 leather armour
 c - a +0 helmet (worn)
 f - a +0 ring mail (worn)
Scrolls
 g - 3 scrolls of immolation {unknown}
 h - a scroll of teleportation {unknown}
 k - a scroll of vulnerability {unknown}


   Skills:
 - Level 2.0 Fighting
 + Level 5.0 Long Blades
 - Level 1.7 Throwing
 - Level 2.6 Dodging


You had 3 spell levels left.
You didn't know any spells.
Your spell library was empty.

Dungeon Overview and Level Annotations

Branches:
Dungeon (2/15)

Altars:


Innate Abilities, Weirdness & Mutations

You can wield a second weapon in your off-hand.
It takes a long time for you to wield or remove held weapons.
Your first few attacks do less damage.
Attacking and casting redirects power from your legs.


Message History

You see here a hobgoblin corpse.
There are monsters nearby!
There are monsters nearby!
There are monsters nearby!
A gnoll comes into view. It is wielding a +0 spear.
The gnoll shouts!
The gnoll hits you but does no damage.
Found a short sword.
The gnoll hits you with a +0 spear.
You barely miss the gnoll with your +0 long sword.
You barely miss the gnoll with your +0 short sword of speed.
The gnoll hits you but does no damage. x2
You closely miss the gnoll with your +0 long sword.
You barely miss the gnoll with your +0 short sword of speed.
The gnoll hits you with a +0 whip. The gnoll hits you with a +0 spear.
The gnoll barely misses you.
You hit the gnoll with your +0 short sword of speed.
The gnoll is lightly wounded.
You hit the gnoll with your +0 long sword.
The gnoll hits you with a +0 whip. The gnoll hits you with a +0 spear.
The gnoll closely misses you.
You closely miss the gnoll with your +0 long sword.
The gnoll is moderately wounded.
You hit the gnoll but do no damage.
You completely miss the gnoll with your +0 short sword of speed.
The gnoll is moderately wounded.
You barely miss the gnoll with your +0 long sword.
The gnoll barely misses you. The gnoll hits you with a +0 flail.
* * * LOW HITPOINT WARNING * * *
The gnoll hits you with a +0 spear.
* * * LOW HITPOINT WARNING * * *
Unknown command.
You hit the gnoll but do no damage.
The gnoll is moderately wounded.
You closely miss the gnoll with your +0 long sword.
The gnoll hits you with a +0 whip.
* * * LOW HITPOINT WARNING * * *
The gnoll hits you with a +0 spear.
* * * LOW HITPOINT WARNING * * *
The gnoll hits you with a +0 flail.
You die...

#.#######
#....#.#.#
....#.#.# #
...#.#.# #.
....#.# #..
...#.#
#...#..#†#
#..gg#)# #
#..g@#.#.##
##....†...#
#........####
###.##.....
......#####
###.#..) #
###. .


You could see 3 gnolls.

Vanquished Creatures
  A gnoll (D:2)
  3 dart slugs
  3 bats (D:1)
  5 endoplasms
  A goblin (D:1)
  7 hobgoblins
  A jackal (D:1)
  2 quokkas (D:1)
  2 ball pythons (D:1)
  2 frilled lizards (D:1)
  2 kobolds (D:1)
  3 rats (D:1)
32 creatures vanquished.

Notes
Turn   | Place    | Note
-------+----------+-------------------------------------------
     0 | D:1      | lunkers the Coglin Gladiator began the quest for the Orb.
     0 | D:1      | Reached XP level 1. HP: 16/16 MP: 1/1
   101 | D:1      | Reached XP level 2. HP: 22/22 MP: 2/2
   437 | D:1      | Reached skill level 4 in Long Blades
   523 | D:1      | Reached XP level 3. HP: 27/27 MP: 3/3
   969 | D:2      | Reached XP level 4. HP: 30/33 MP: 4/4
   990 | D:2      | Reached skill level 5 in Long Blades
  1028 | D:2      | Slain by a gnoll

Illustrated notes

Levels and vault maps discovered:
D:1:      dpeg_arrival_brainrot, layout_basic, grunt_decor_resistance,
          grunt_decor_one_mirror
D:2:      layout_basic

Skill      XL: |  1  2  3  4 |
---------------+-------------+-----
Long Blades    | 4 5 |  5.0
Fighting       | |  2.0
Throwing       | |  1.7
Dodging        | |  2.6

Action                     |  1- 3 |  4- 6 || total
---------------------------+-------+-------++-------
  Melee: Long sword        |    62 |    13 ||    75
         Short sword       |    10 |    15 ||    25
         Dagger            |     5 |       ||     5
 Armour: Ring mail         |    30 |    16 ||    46
  Dodge: Dodged            |    35 |     6 ||    41

Table legend: (Time is in decaauts)
 A = Elapsed time spent in this place.
 B = Non-inter-level travel time spent in this place.
 C = Inter-level travel time spent in this place.
 D = Time resting spent in this place.
 E = Time spent auto-exploring this place.
 F = Levels seen in this place.
 G = Mean time per level.
                   A        B        C        D        E       F      G
               +--------+--------+--------+--------+--------+-----+--------+
         Total |   1034 |    954 |     80 |      0 |    745 |   2 |  517.0 |
       Dungeon |   1034 |    954 |     80 |      0 |    745 |   2 |  517.0 |
               +--------+--------+--------+--------+--------+-----+--------+

Top non-repeatable levels by time:
     D:1: 911 daAuts
     D:2: 123 daAuts
